 Dungeon Crawl Stone Soup version 0.22.1-1-ga44c0e5 (webtiles) character file.

285 harcile the Covered (level 6, 0/52 HPs)
             Began as a Hill Orc Fighter on Oct 29, 2018.
             Killed from afar by an orc wizard (1 damage)
             ... with a magic dart
             ... on level 4 of the Dungeon.
             The game lasted 00:04:47 (2634 turns).

harcile the Covered (Hill Orc Fighter)              Turns: 2634, Time: 00:04:48

Health: 0/52       AC:  7    Str: 26    XL:     6   Next: 29%
Magic:  6/6        EV:  8    Int:  8    God:
Gold:   108        SH: 10    Dex: 10    Spells: 5/5 levels left

rFire    . . .     SeeInvis .   a - +0 long sword
rCold    . . .     Gourm    .   c - +0 shield
rNeg     . . .     Faith    .   b - +0 scale mail
rPois    .         Spirit   .   (no helmet)
rElec    .         Reflect  .   (no cloak)
rCorr    .         Harm     .   (no gloves)
MR       .....                  (no boots)
Stlth    ..........             (no amulet)
HPRegen  0.17/turn              (no ring)
MPRegen  0.10/turn              (no ring)

@: mighty
A: no striking features
a: Convert to Beogh


You were on level 4 of the Dungeon.
You were not hungry.

You visited 1 branch of the dungeon, and saw 4 of its levels.

You collected 108 gold pieces.

Inventory:

Hand Weapons
 a - a +0 long sword (weapon)
Armour
 b - a +0 scale mail (worn)
 c - a +0 shield (worn)
Magical Staves
 r - an uncursed staff of poison {unknown}
Wands
 g - a wand of flame (25)
Scrolls
 h - 2 scrolls of immolation {unknown}
 i - 3 scrolls of magic mapping {unknown}
 j - 4 scrolls of amnesia {unknown}
 l - 4 scrolls of enchant weapon {unknown}
 m - 7 scrolls of identify {unknown}
 n - a scroll of blinking {unknown}
 p - a scroll of fog {unknown}
 q - 2 scrolls of teleportation {unknown}
Potions
 e - a potion of cancellation {unknown}
 o - a potion of degeneration {unknown}
 s - a potion of magic {unknown}
Comestibles
 f - 5 rations


   Skills:
 + Level 4.2 Fighting
 + Level 4.6 Long Blades
 + Level 4.7 Armour
 + Level 0.6 Dodging
 + Level 0.3 Stealth
 + Level 4.5 Shields


You had 5 spell levels left.
You didn't know any spells.
Your spell library was empty.

Dungeon Overview and Level Annotations

Branches:
Dungeon (4/15)
 Temple: D:4-7

Altars:
Qazlal

Shops:
D:4 %


Message History

You're too confused to move!
Something hits you.
* * * LOW HITPOINT WARNING * * *
The orc priest completely misses you.
You feel less confused. Something hits you but does no damage.
You block the orc priest's attack.
You closely miss something.
The orc priest shouts, "Surrender to Beogh and we'll let you live!"
You hear some strange, mumbled words.
A puff of flame appears from out of thin air!
The puff of flame hits you!
* * * LOW HITPOINT WARNING * * *
The orc priest misses you.
You miss something.
You hear some strange, mumbled words.
A puff of flame appears from out of thin air!
The puff of flame hits you! You block the orc priest's attack.
You hear some strange, mumbled words.
A magic dart appears from out of thin air!
The magic dart hits you!
You die...

#.#####.# #.# #.# #.#
#.#######
####.#####.......##
..(.......###....)#######
........#.###....[#......
.................†[......
......(...###)..{o#....$.
....####..# #...@.#.o....
#...).....# #.....# o.r..
#.........# #.)...# ..o..
..........######.## ....
...#......... #.# ....
...........# #.#
##..8......# #.#
#..........# #.#
...........#


You could see an orc priest.

Vanquished Creatures
  Menkaure (D:4)
  A scorpion (D:4)
  A howler monkey skeleton (D:3)
  3 adders
  An ooze (D:2)
  A worm (D:2)
  3 dart slugs
  2 leopard geckos
  3 orcs (D:4)
  A ball python (D:3)
  A bat (D:1)
  8 giant cockroaches
  9 goblins
  5 hobgoblins
  5 jackals
  2 kobolds (D:2)
  3 quokkas
  3 frilled lizards
  4 rats
57 creatures vanquished.

Notes
Turn   | Place    | Note
-------+----------+-------------------------------------------
     0 | D:1      | harcile the Hill Orc Fighter began the quest for the Orb.
     0 | D:1      | Reached XP level 1. HP: 19/19 MP: 1/1
    86 | D:1      | Reached XP level 2. HP: 26/27 MP: 2/2
   544 | D:1      | Reached XP level 3. HP: 33/33 MP: 3/3
   938 | D:2      | Reached XP level 4. HP: 25/40 MP: 4/4
  1406 | D:2      | Found a stormy altar of Qazlal.
  2175 | D:4      | Noticed Menkaure
  2185 | D:4      | Killed Menkaure
  2185 | D:4      | Reached XP level 5. HP: 6/46 MP: 5/5
  2508 | D:4      | Found Osoczo's Food Shoppe.
  2519 | D:4      | Reached XP level 6. HP: 52/52 MP: 6/6
  2633 | D:4      | HP: 1/52 [something/puff of flame (3)]
  2634 | D:4      | Killed from afar by an orc wizard

Skill      XL: |  1  2  3  4 |
---------------+-------------+-----
Long Blades    | 3 4 |  4.6
Fighting       | 4 |  4.2
Shields        | 4 |  4.5
Armour         | 4 |  4.7
Dodging        | |  0.6
Stealth        | |  0.3

Action                   |  1- 3 |  4- 6 || total
-------------------------+-------+-------++-------
Melee: Long sword        |   113 |   114 ||   227
  Use: Potion            |       |     3 ||     3
  Eat: Chunk             |       |     6 ||     6
Armor: Scale mail        |    39 |    69 ||   108
Dodge: Dodged            |    25 |    30 ||    55
Block: Shield            |    61 |    46 ||   107
       Rpst.: Long sword |     7 |    11 ||    18
